Map: Mech Depot LE

Players

SortOf

  • Race: Zerg Zerg
  • Spawn Location: 1:00

puCK (Nina) - Winner!

  • Race: Protoss Protoss
  • Spawn Location: 7:00

Event: WCS Montreal 2017

VOD

Have the link to the VOD?

Description

Time

  • Played on: Sept. 8, 2017, 3:21 p.m.
  • Length: 7:12

All games in this series

Show
View Real Time Build Order
Export as new Build Order

SortOf Zerg 

Build Orders: Hatch First 

Get SALT Encoding   

  12  0:01  Drone  
  13  0:13  Overlord  
  13  0:18  Drone  
  14  0:31  Drone x2  
  16  0:37  Drone  
  17  0:53  Hatchery  
  17  0:55  Drone  
  17  1:01  Drone  
  18  1:13  Extractor  
  18  1:14  Spawning Pool  
  18  1:16  Drone  
  17  1:20  Drone  
  18  1:34  Drone  
  19  1:40  Drone  
  20  1:50  Overlord  
  20  2:02  Queen  
  20  2:05  Queen, Zergling x2  
  20  2:06  Zergling x2  
  26  2:14  Drone  
  27  2:17  Drone, Metabolic Boost  
  28  2:23  Drone  
  28  2:27  Drone  
  30  2:33  Drone  
  31  2:39  Hatchery  
  30  2:44  Overlord  
  30  2:48  Overlord  
  30  2:53  Drone  
  31  3:01  Drone  
  31  3:03  Drone  
  33  3:06  Queen  
  33  3:12  Drone x2  
  37  3:20  Overlord, Drone  
  37  3:21  Drone x3  
  41  3:29  Zergling x4  
  43  3:37  Drone x2  
  45  3:41  Queen  
  45  3:44  Drone  
  45  3:45  Spore Crawler  
  45  3:47  Drone  
  48  3:51  Evolution Chamber  
  47  3:56  Drone x2  
  47  3:58  Queen, Drone  
  52  4:06  Drone x2  
  52  4:07  Lair  
  52  4:09  Drone  
  55  4:10  Extractor  
  55  4:11  Extractor  
  55  4:14  Drone  
  55  4:15  Drone x4  
  58  4:19  Spore Crawler  
  58  4:20  Spore Crawler  
  58  4:23  Drone x2  
  58  4:27  Overlord  
  58  4:34  Overlord  
  58  4:37  Overlord  
  58  4:43  Baneling Nest  
  58  4:45  Queen  
  57  4:48  Zergling x10  
  57  4:51  Zergling x2  
  57  4:52  Zergling x2  
  66  4:53  Zergling x2  
  66  4:58  Zergling x2  
  66  4:59  Zergling x4  
  70  5:03  Zerg Melee Weapons Level 1  
  70  5:05  Zergling x6  
  73  5:09  Overseer  
  73  5:14  Drone x2  
  73  5:15  Drone x2  
  73  5:19  Drone  
  77  5:27  Baneling  
  77  5:28  Baneling x13  
  77  5:29  Zergling x2  
  77  5:30  Zergling x2  
  79  5:36  Zergling x4  
  79  5:38  Overlord x2  
  80  5:48  Zergling x2  
  80  5:49  Pneumatized Carapace  
  74  5:51  Zergling x10  
  74  5:53  Drone x3  
  80  6:02  Zergling x10  
  78  6:12  Drone x2  
  78  6:13  Drone x3  
  79  6:22  Drone x4  
  79  6:23  Drone  
  82  6:29  Extractor  
  82  6:31  Drone x2  
  83  6:35  Drone x2  
  83  6:37  Overseer  
  85  6:43  Hydralisk Den  
  85  6:51  Zergling x6  
Show
View Real Time Build Order
Export as new Build Order

puCK Protoss - Winner!

Build Orders: 1 Gate Expand, Zealot Archon, Archon Drop 

Get SALT Encoding   

  12  0:00  Probe (Chrono Boost)  
  13  0:11  Probe (Chrono Boost)  
  14  0:18  Pylon  
  14  0:22  Probe (Chrono Boost)  
  15  0:36  Probe (Chrono Boost)  
  15  0:38  Gateway  
  16  0:47  Probe (Chrono Boost)  
  16  0:49  Assimilator  
  17  0:57  Probe (Chrono Boost)  
  18  1:08  Probe (Chrono Boost)  
  19  1:22  Nexus  
  19  1:25  Probe (Chrono Boost)  
  20  1:36  Cybernetics Core  
  20  1:38  Probe (Chrono Boost)  
  21  1:49  Probe (Chrono Boost), Assimilator  
  22  1:54  Pylon  
  22  2:00  Probe (Chrono Boost)  
  23  2:12  Probe (Chrono Boost), Stalker (Chrono Boost)  
  23  2:14  Warp Gate  
  26  2:24  Probe  
  27  2:30  Pylon  
  27  2:36  Probe x2 (Chrono Boost)  
  29  2:40  Adept (Chrono Boost)  
  31  2:47  Probe (Chrono Boost)  
  31  2:48  Mothership Core (Chrono Boost)  
  34  2:58  Probe (Chrono Boost)  
  35  2:59  Twilight Council  
  35  3:06  Probe (Chrono Boost)  
  35  3:09  Probe (Chrono Boost)  
  37  3:16  Robotics Facility  
  37  3:17  Probe (Chrono Boost)  
  37  3:19  Probe (Chrono Boost)  
  39  3:27  Probe (Chrono Boost), Charge (Chrono Boost)  
  39  3:29  Probe (Chrono Boost)  
  41  3:38  Probe x2  
  43  3:42  Pylon  
  43  3:49  Gateway  
  43  3:50  Probe, Gateway  
  43  3:51  Probe  
  43  3:54  Gateway  
  45  4:02  Probe  
  46  4:03  Warp Prism (Chrono Boost)  
  46  4:05  Probe  
  46  4:09  Assimilator  
  49  4:12  Assimilator  
  49  4:15  Probe  
  50  4:17  Pylon  
  50  4:18  Probe  
  50  4:20  Pylon  
  51  4:27  Probe  
  51  4:30  Probe  
  53  4:36  Warp Prism (Chrono Boost)  
  55  4:39  Probe, Templar Archives  
  56  4:49  Probe  
  57  4:53  Zealot x4  
  57  4:58  Pylon  
  65  5:12  Nexus  
  65  5:15  Probe  
  66  5:21  High Templar x3  
  66  5:22  High Templar  
  66  5:25  Archon  
  66  5:26  Archon  
  75  5:29  Pylon  
  75  5:33  Gateway  
  74  5:35  Gateway  
  74  5:38  Gateway  
  74  5:40  Gateway  
  72  5:54  Zealot  
  72  5:55  Zealot x3  
  74  5:57  Probe x2  
  76  6:09  Probe  
  75  6:13  Probe  
  72  6:20  High Templar x3  
  72  6:21  High Templar, Probe  
  72  6:24  Archon x2  
  72  6:25  Probe x2  
  80  6:26  Observer (Chrono Boost)  
  80  6:30  Assimilator  
  80  6:32  Assimilator  
  82  6:33  Probe  
  82  6:35  Probe, Gateway  
  82  6:37  Probe  
  82  6:38  Zealot x2  
  82  6:39  Zealot  
  91  6:45  Probe  
  91  6:46  Probe  
  87  6:59  Zealot x3  
  87  7:00  Zealot x4  
Tags
 
Add a new tag
Caveats
  • Supply blocks, unpowered buildings, or Contaminate may cause inaccurate times.
  • Supply counts are checked every 10 seconds.